 Dungeon Crawl Stone Soup version 0.26-a0-845-gfacbca91cf (webtiles) character file.

Game seed: 8404628092225997696

693 Decritt the Cudgeller (level 7, 0/44 HPs)
             Began as a Gargoyle Fighter on Nov 19, 2020.
             Was an Initiate of Ru.
             Slain by an ogre
             ... wielding a +0 giant spiked club
              (13 damage)
             ... on level 4 of the Dungeon.
             The game lasted 00:10:15 (4058 turns).

Decritt the Cudgeller (Gargoyle Fighter)            Turns: 4058, Time: 00:10:15

Health: 0/44       AC: 21    Str: 22    XL:     7   Next: 64%
Magic:  7/7        EV:  4    Int:  8    God:    Ru [......]
Gold:   157        SH: 10    Dex:  9    Spells: 6/6 levels left

rFire    . . .     SeeInvis .   a - +1 flail
rCold    . . .     Faith    .   c - +0 kite shield
rNeg     + . .     Spirit   .   j - +0 plate armour
rPois    ∞         Reflect  .   z - +1 helmet
rElec    +         Harm     .   (no cloak)
rCorr    .         Rampage  .   l - +1 pair of gloves
MR       .....                  (no boots)
Stlth    ..........             (no amulet)
HPRegen  0.14/turn              r - ring of wizardry
MPRegen  0.10/turn              (no ring)

@: no status effects
A: negative energy resistance 1, electricity resistance, unbreathing,
petrification resistance, rot immunity, AC +4
a: Renounce Religion


You were on level 4 of the Dungeon.
You worshipped Ru.
Ru was noncommittal.
You visited 1 branch of the dungeon, and saw 4 of its levels.

You collected 157 gold pieces.

Inventory:

Hand Weapons
 a - a +1 flail (weapon)
Armour
 b - a +0 scale mail
 c - a +0 kite shield (worn)
 j - a +0 plate armour (worn)
 l - a +1 pair of gloves (worn)
 s - a +0 helmet
 z - a +1 helmet (worn)
Jewellery
 r - a ring of wizardry (left hand)
Scrolls
 e - a scroll of immolation {unknown}
 f - 2 scrolls of remove curse
 g - 3 scrolls of enchant weapon
 h - 2 scrolls of teleportation
 k - a scroll of fear {unknown}
 m - a scroll of amnesia
 p - a scroll of enchant armour
 y - a scroll of blinking {unknown}
Potions
 d - 2 potions of might
 i - 3 potions of haste
 n - a potion of brilliance {unknown}
 o - a potion of heal wounds {unknown}
 q - a potion of degeneration {unknown}
 u - 2 potions of cancellation
 v - a potion of attraction {unknown}
 w - 2 potions of curing {unknown}
 x - a potion of magic {unknown}


   Skills:
 + Level 5.0 Fighting
 * Level 5.3 Maces & Flails
 + Level 1.5 Throwing
 + Level 5.0 Armour
 + Level 5.0 Shields


You had 6 spell levels left.
You didn't know any spells.
Your spell library was empty.

Dungeon Overview and Level Annotations

Branches:
Dungeon (4/15)
 Temple: D:4-7

Altars:
Fedhas
Makhleb
Okawaru
Ru
Uskayaw
Vehumet


Innate Abilities, Weirdness & Mutations

You are resistant to torment.
Your stone body is resilient. (AC +4)
You are immune to poison.
You resist negative energy. (rN+)
You are resistant to electric shocks. (rElec)
You can survive without breathing.
You are immune to petrification.
You are immune to rotting.


Message History

The phantom blinks!
Your Armour skill increases to level 5!
Your Shields skill increases to level 5!
You see here the felid corpse of Natasha.
An ogre comes into view. It is wielding a +0 giant spiked club.
The ogre shouts!
The phantom blinks!
You block the phantom's attack.
The phantom hits you but does no damage.
The ogre barely misses you.
You barely miss the ogre. The phantom hits you.
* * * LOW HITPOINT WARNING * * *
The phantom blinks!
You sock the ogre!
The ogre is heavily wounded.
You block the ogre's attack.
You hit the ogre but do no damage.
The ogre is heavily wounded.
The ogre hits you with a +0 giant spiked club!
You die...

........ ........
..............##.. ........
#................ # ....
.........##..#............#. ....
...........................##....
.................................
........................##.......
................O....#.....# .(..
................@....###.).##....
................§.....†.....)..#
......[..............##..#.##....
...................###.[.#.#.....
..†..................##.#........
..#.#...##.................#.##?.
..#.......#......##†.......#.. ..
###..#....#...................# .
# ######..................##.## .


You could see an ogre.

Vanquished Creatures
  An ogre (D:4)
  2 scorpions (D:4)
  A hound (D:2)
  An orc priest (D:4)
  3 orc wizards
  2 iguanas
  Natasha (twice) (D:4)
  A worker ant (D:4)
  Robin (D:2)
  A gnoll (D:1)
  6 adders
  A shadow imp (D:4)
  An ooze (D:3)
  A dart slug (D:1)
  5 worms
  7 leopard geckos
  14 orcs
  A ball python (D:4)
  13 bats
  3 giant cockroaches
  15 goblins
  11 hobgoblins
  9 jackals
  A quokka (D:3)
  5 frilled lizards
  15 kobolds
  A leopard gecko skeleton (D:4)
  11 rats
135 creatures vanquished.

Notes
Turn   | Place    | Note
-------+----------+-------------------------------------------
     0 | D:1      | Decritt the Gargoyle Fighter began the quest for the Orb.
     0 | D:1      | Reached XP level 1. HP: 14/14 MP: 1/1
    54 | D:1      | Reached XP level 2. HP: 2/19 MP: 2/2
   674 | D:1      | Reached XP level 3. HP: 23/23 MP: 3/3
  1468 | D:2      | Found a hide-covered altar of Uskayaw.
  1636 | D:2      | Reached XP level 4. HP: 24/29 MP: 4/4
  1886 | D:2      | Reached XP level 5. HP: 29/33 MP: 5/5
  2344 | D:2      | Noticed Robin
  2399 | D:2      | Killed Robin
  2663 | D:3      | Reached XP level 6. HP: 36/39 MP: 6/6
  2767 | D:3      | Found a burning altar of Makhleb.
  2767 | D:3      | Noticed a cacodemon
  2838 | D:3      | Found an iron altar of Okawaru.
  3326 | D:3      | Found a sacrificial altar of Ru.
  3368 | D:3      | Became a worshipper of Ru the Awakened
  3494 | D:3      | Found a blossoming altar of Fedhas.
  3884 | D:4      | Reached XP level 7. HP: 44/44 MP: 7/7
  3886 | D:4      | Found a radiant altar of Vehumet.
  3894 | D:4      | Reached skill level 1 in Throwing
  3935 | D:4      | Noticed Natasha
  3949 | D:4      | Killed Natasha
  3950 | D:4      | Reached skill level 5 in Maces & Flails
  4031 | D:4      | Noticed Natasha
  4035 | D:4      | Reached skill level 5 in Fighting
  4046 | D:4      | Killed Natasha
  4047 | D:4      | Reached skill level 5 in Armour
  4047 | D:4      | Reached skill level 5 in Shields
  4058 | D:4      | Slain by an ogre

Illustrated notes

Levels and vault maps discovered:
D:1:      mushboom_english_gardens, layout_loops_corners, minmay_tall_x
D:2:      layout_basic, eat_drink_and_be_merry_uskayaw, minmay_misc_feat_cross,
          uniq_robin
D:3:      layout_loops_ring, nicolae_ru_the_path_less_chosen,
          okawaru_ov_weapons_minmay, makhleb_altar_promises_db,
          fedhas_altar_fruit_tree, minmay_box_of_dots
D:4:      layout_cave_pools, vehumet_altar_wand_db, uniq_natasha

Skill      XL: |  1  2  3  4  5  6  7 |
---------------+----------------------+-----
Maces & Flails | 3 4 5 |  5.3
Fighting       | 4 5 |  5.0
Armour         | 4 5 |  5.0
Shields        | 4 5 |  5.0
Throwing       | 1 |  1.5

Action                   |  1- 3 |  4- 6 |  7- 9 || total
-------------------------+-------+-------+-------++-------
Melee: Flail             |   124 |   277 |    58 ||   459
Throw: Boomerang         |       |    56 |    23 ||    79
  Use: Scroll            |       |    10 |       ||    10
Armor: Scale mail        |   117 |   107 |       ||   224
       Plate armour      |       |   151 |    38 ||   189
Dodge: Dodged            |    71 |    99 |     6 ||   176
Block: Kite shield       |   115 |   187 |    24 ||   326

Table legend: (Time is in decaauts)
 A = Elapsed time spent in this place.
 B = Non-inter-level travel time spent in this place.
 C = Inter-level travel time spent in this place.
 D = Time resting spent in this place.
 E = Time spent auto-exploring this place.
 F = Levels seen in this place.
 G = Mean time per level.
                   A        B        C        D        E       F      G
               +--------+--------+--------+--------+--------+-----+--------+
         Total |   4231 |   4113 |    118 |    646 |   2295 |   4 | 1057.8 |
       Dungeon |   4231 |   4113 |    118 |    646 |   2295 |   4 | 1057.8 |
               +--------+--------+--------+--------+--------+-----+--------+

Top non-repeatable levels by time:
     D:1: 1485 daAuts
     D:3: 1236 daAuts
     D:2: 1226 daAuts
     D:4: 283 daAuts
